[ AOE2 MATCH · #477741226 ]
UnrankedHuns vs Mongols
Player's team · LOSS
Rival team · WIN
[ REPLAY ANALYSIS · EXTRACTED FROM THE RECORDED GAME ]
Feudal
10:40
Castle
24:16
Imperial
39:05
| APM avg | 26.8 |
| APM peak | 78 |
| eAPM avg | 17.6 |
| Villagers / military | 149 / 194 |
Focus
⚔️ 40.3% · 🌾 59.7%
Spearman ×68 · Skirmisher ×58 · Tarkan ×41 · Knight ×7 · Cavalry Archer ×7 · Militia ×6
Feudal
9:06
Castle
19:47
Imperial
36:45
| APM avg | 54.0 |
| APM peak | 95 |
| eAPM avg | 18.4 |
| Villagers / military | 106 / 111 |
Focus
⚔️ 25.3% · 🌾 74.7%
Camel Scout ×48 · Spearman ×33 · Cavalry Archer ×12 · Mangudai ×10 · Trebuchet (Packed) ×6 · Scout Cavalry ×2
Match map
Initial resources + every placement click. Lines = walls · curves = elevation contours. ◆ gold · ⬟ stone · ● berries · ✦ relic · ◌ wall gap
Your base· Open — unwalled flank
shiang.kuo's base· Open — unwalled flank
Smoothed initial terrain · ◌ = detected wall gap · hover for details
Inputs per minute
— ivanklaricnejla - - shiang.kuo
Build order — ivanklaricnejla
First 150 of 483 actions detected
| 0:05 | Research | Loom |
| 0:06 | Create | Villager (Male) |
| 0:06 | Create | Villager (Male) |
| 0:07 | Create | Villager (Male) |
| 0:07 | Create | Villager (Male) |
| 0:07 | Create | Villager (Male) |
| 1:28 | Create | Villager (Male) |
| 1:28 | Create | Villager (Male) |
| 2:23 | Build | Lumber Camp |
| 2:32 | Create | Villager (Male) |
| 2:32 | Create | Villager (Male) |
| 2:32 | Create | Villager (Male) |
| 3:27 | Create | Villager (Male) |
| 3:27 | Create | Villager (Male) |
| 4:01 | Create | Villager (Male) |
| 4:01 | Create | Villager (Male) |
| 4:24 | Create | Villager (Male) |
| 4:24 | Create | Villager (Male) |
| 4:52 | Create | Villager (Male) |
| 4:52 | Create | Villager (Male) |
| 5:21 | Create | Villager (Male) |
| 5:21 | Create | Villager (Male) |
| 5:38 | Build | Mill |
| 5:53 | Create | Villager (Male) |
| 5:53 | Create | Villager (Male) |
| 6:03 | Build | Mining Camp |
| 6:23 | Create | Villager (Male) |
| 6:23 | Create | Villager (Male) |
| 6:23 | Create | Villager (Male) |
| 7:21 | Build | Mill |
| 7:31 | Create | Villager (Male) |
| 7:31 | Create | Villager (Male) |
| 8:30 | Research | Feudal Age |
| 8:39 | Build | Lumber Camp |
| 9:36 | Build | Barracks |
| 10:30 | Build | Mining Camp |
| 10:40 | Age | Feudal Age |
| 10:49 | Create | Villager (Male) |
| 10:49 | Create | Villager (Male) |
| 10:50 | Create | Villager (Male) |
| 10:50 | Create | Villager (Male) |
| 10:50 | Create | Villager (Male) |
| 11:01 | Research | Double-Bit Axe |
| 11:20 | Build | Farm |
| 11:24 | Build | Farm |
| 11:27 | Build | Farm |
| 11:30 | Build | Farm |
| 11:32 | Build | Farm |
| 11:33 | Build | Farm |
| 11:36 | Build | Farm |
| 12:07 | Create | Spearman |
| 12:10 | Create | Spearman |
| 12:41 | Build | Lumber Camp |
| 13:24 | Create | Spearman |
| 13:24 | Create | Spearman |
| 13:27 | Create | Villager (Male) |
| 13:28 | Create | Villager (Male) |
| 13:28 | Create | Villager (Male) |
| 13:41 | Build | Farm |
| 14:26 | Create | Spearman |
| 14:26 | Create | Spearman |
| 14:27 | Create | Spearman |
| 14:27 | Create | Spearman |
| 14:27 | Create | Spearman |
| 14:35 | Build | Farm |
| 14:37 | Build | Farm |
| 14:39 | Build | Farm |
| 14:40 | Build | Farm |
| 14:45 | Create | Villager (Male) |
| 14:45 | Create | Villager (Male) |
| 15:24 | Create | Villager (Male) |
| 15:25 | Create | Villager (Male) |
| 15:25 | Create | Villager (Male) |
| 16:22 | Create | Villager (Male) |
| 16:23 | Create | Villager (Male) |
| 16:23 | Create | Villager (Male) |
| 16:23 | Create | Villager (Male) |
| 16:33 | Build | Farm |
| 16:42 | Build | Farm |
| 16:43 | Build | Farm |
| 16:44 | Build | Farm |
| 16:45 | Build | Farm |
| 16:47 | Build | Farm |
| 16:54 | Build | Farm |
| 17:12 | Build | Stable |
| 17:19 | Build | Archery Range |
| 17:23 | Build | Archery Range |
| 17:41 | Build | Blacksmith |
| 17:45 | Build | Market |
| 17:51 | Create | Villager (Male) |
| 17:52 | Create | Villager (Male) |
| 17:52 | Create | Villager (Male) |
| 18:43 | Create | Villager (Male) |
| 18:43 | Create | Villager (Male) |
| 19:04 | Research | Gold Mining |
| 19:20 | Build | Farm |
| 19:21 | Build | Farm |
| 19:22 | Build | Farm |
| 19:23 | Build | Farm |
| 19:24 | Build | Farm |
| 19:55 | Create | Villager (Male) |
| 19:56 | Create | Villager (Male) |
| 20:07 | Build | Barracks |
| 20:15 | Build | Barracks |
| 20:42 | Create | Villager (Male) |
| 20:43 | Create | Villager (Male) |
| 20:50 | Build | Farm |
| 21:24 | Research | Castle Age |
| 22:03 | Research | Horse Collar |
| 22:11 | Research | Bloodlines |
| 22:12 | Create | Scout Cavalry |
| 22:52 | Build | Archery Range |
| 24:16 | Age | Castle Age |
| 24:22 | Build | Town Center |
| 24:26 | Research | Bow Saw |
| 24:28 | Create | Villager (Male) |
| 24:29 | Create | Villager (Male) |
| 24:29 | Create | Villager (Male) |
| 24:29 | Create | Villager (Male) |
| 24:36 | Create | Knight |
| 24:36 | Create | Knight |
| 24:36 | Create | Knight |
| 24:36 | Create | Knight |
| 24:37 | Create | Knight |
| 24:43 | Research | Squires |
| 24:59 | Research | Pikeman (upgrade) |
| 25:09 | Research | Forging |
| 25:10 | Research | Scale Barding Armor |
| 25:27 | Create | Villager (Male) |
| 25:28 | Create | Villager (Male) |
| 25:28 | Create | Villager (Male) |
| 25:35 | Create | Villager (Male) |
| 25:35 | Create | Villager (Male) |
| 25:49 | Create | Knight |
| 25:55 | Create | Cavalry Archer |
| 25:56 | Create | Cavalry Archer |
| 26:13 | Build | Farm |
| 26:14 | Build | Farm |
| 26:16 | Build | Farm |
| 26:23 | Create | Villager (Male) |
| 26:24 | Create | Villager (Male) |
| 26:24 | Create | Villager (Male) |
| 26:24 | Create | Villager (Male) |
| 26:24 | Create | Villager (Male) |
| 26:35 | Build | Town Center |
| 27:24 | Create | Cavalry Archer |
| 27:24 | Create | Cavalry Archer |
| 27:24 | Create | Cavalry Archer |
| 27:24 | Create | Cavalry Archer |
| 27:25 | Create | Cavalry Archer |
Build order — shiang.kuo
First 150 of 321 actions detected
| 0:01 | Create | Villager (Male) |
| 0:01 | Create | Villager (Male) |
| 0:01 | Create | Villager (Male) |
| 0:01 | Create | Villager (Male) |
| 0:02 | Create | Villager (Male) |
| 0:05 | Build | House |
| 0:08 | Build | House |
| 1:32 | Create | Villager (Male) |
| 1:33 | Create | Villager (Male) |
| 2:03 | Create | Villager (Male) |
| 2:03 | Create | Villager (Male) |
| 2:17 | Create | Villager (Male) |
| 3:05 | Create | Villager (Male) |
| 3:05 | Create | Villager (Male) |
| 3:06 | Create | Villager (Male) |
| 3:06 | Create | Villager (Male) |
| 3:37 | Build | House |
| 4:01 | Create | Villager (Male) |
| 4:01 | Create | Villager (Male) |
| 4:01 | Create | Villager (Male) |
| 4:02 | Create | Villager (Male) |
| 4:10 | Build | Lumber Camp |
| 4:27 | Create | Villager (Male) |
| 4:27 | Create | Villager (Male) |
| 4:27 | Create | Villager (Male) |
| 4:27 | Create | Villager (Male) |
| 4:28 | Create | Villager (Male) |
| 5:10 | Create | Villager (Male) |
| 5:10 | Create | Villager (Male) |
| 5:11 | Create | Villager (Male) |
| 5:11 | Create | Villager (Male) |
| 6:07 | Build | Mill |
| 6:56 | Research | Feudal Age |
| 7:36 | Build | House |
| 9:06 | Age | Feudal Age |
| 9:18 | Build | Barracks |
| 9:45 | Create | Villager (Male) |
| 9:46 | Create | Villager (Male) |
| 9:46 | Create | Villager (Male) |
| 10:03 | Build | Stable |
| 10:13 | Create | Villager (Male) |
| 10:16 | Create | Spearman |
| 10:28 | Build | House |
| 10:37 | Build | House |
| 10:39 | Create | Scout Cavalry |
| 10:40 | Create | Scout Cavalry |
| 10:44 | Create | Spearman |
| 11:01 | Build | House |
| 11:07 | Build | House |
| 11:09 | Create | Villager (Male) |
| 11:09 | Create | Villager (Male) |
| 11:24 | Create | Villager (Male) |
| 11:24 | Create | Villager (Male) |
| 11:33 | Build | Mining Camp |
| 11:41 | Build | House |
| 11:59 | Create | Spearman |
| 12:13 | Build | House |
| 12:35 | Build | Market |
| 13:34 | Create | Villager (Male) |
| 13:34 | Create | Villager (Male) |
| 13:58 | Create | Villager (Male) |
| 13:59 | Create | Villager (Male) |
| 13:59 | Create | Villager (Male) |
| 14:38 | Build | Farm |
| 14:39 | Build | Farm |
| 14:40 | Build | Farm |
| 14:42 | Build | Farm |
| 14:43 | Build | Farm |
| 14:48 | Build | Farm |
| 14:50 | Build | Farm |
| 14:51 | Build | Farm |
| 14:56 | Create | Villager (Male) |
| 15:12 | Create | Villager (Male) |
| 15:12 | Create | Villager (Male) |
| 16:07 | Create | Villager (Male) |
| 16:07 | Create | Villager (Male) |
| 16:22 | Build | House |
| 17:01 | Research | Castle Age |
| 17:07 | Research | Castle Age |
| 17:30 | Research | Double-Bit Axe |
| 18:13 | Create | Spearman |
| 18:13 | Create | Spearman |
| 19:47 | Age | Castle Age |
| 19:50 | Create | Villager (Male) |
| 19:50 | Create | Villager (Male) |
| 19:54 | Build | Town Center |
| 20:18 | Create | Villager (Male) |
| 20:19 | Create | Villager (Male) |
| 20:30 | Research | Pikeman (upgrade) |
| 20:48 | Build | Town Center |
| 20:57 | Create | Villager (Male) |
| 20:57 | Create | Villager (Male) |
| 20:57 | Create | Villager (Male) |
| 20:58 | Create | Villager (Male) |
| 21:15 | Create | Villager (Male) |
| 21:15 | Create | Villager (Male) |
| 21:41 | Create | Villager (Male) |
| 21:41 | Create | Villager (Male) |
| 21:42 | Create | Villager (Male) |
| 21:42 | Create | Villager (Male) |
| 21:57 | Build | Archery Range |
| 22:08 | Create | Villager (Male) |
| 22:08 | Create | Villager (Male) |
| 22:13 | Build | Farm |
| 22:14 | Build | Farm |
| 22:22 | Research | Wheelbarrow |
| 22:45 | Create | Villager (Male) |
| 22:45 | Create | Villager (Male) |
| 22:50 | Research | Loom |
| 23:00 | Create | Villager (Male) |
| 23:09 | Build | Archery Range |
| 23:11 | Create | Cavalry Archer |
| 23:12 | Create | Cavalry Archer |
| 23:16 | Create | Villager (Male) |
| 23:16 | Create | Villager (Male) |
| 23:28 | Build | Farm |
| 23:29 | Build | Farm |
| 23:38 | Build | Farm |
| 23:40 | Build | Farm |
| 23:43 | Build | Farm |
| 23:43 | Build | Farm |
| 23:45 | Create | Villager (Male) |
| 23:45 | Create | Villager (Male) |
| 24:05 | Build | Farm |
| 24:14 | Build | Farm |
| 24:15 | Build | Farm |
| 24:21 | Build | Farm |
| 24:24 | Create | Cavalry Archer |
| 24:26 | Create | Villager (Male) |
| 24:26 | Create | Villager (Male) |
| 24:51 | Create | Cavalry Archer |
| 24:51 | Create | Cavalry Archer |
| 24:53 | Create | Villager (Male) |
| 24:53 | Create | Villager (Male) |
| 25:04 | Build | House |
| 25:07 | Build | House |
| 25:09 | Build | House |
| 25:14 | Create | Villager (Male) |
| 25:14 | Create | Villager (Male) |
| 25:14 | Create | Villager (Male) |
| 25:21 | Build | Farm |
| 25:31 | Create | Cavalry Archer |
| 25:34 | Create | Cavalry Archer |
| 25:34 | Create | Cavalry Archer |
| 25:34 | Create | Cavalry Archer |
| 25:34 | Create | Cavalry Archer |
| 25:35 | Create | Cavalry Archer |
| 25:35 | Create | Cavalry Archer |
| 25:38 | Create | Villager (Male) |
| 25:38 | Create | Villager (Male) |
Match timeline
| 9:06 | shiang.kuo · age_up feudal |
| 9:18 | shiang.kuo · first_building Barracks |
| 9:36 | ivanklaricnejla · first_building Barracks |
| 10:03 | shiang.kuo · first_building Stable |
| 10:40 | ivanklaricnejla · age_up feudal |
| 16:35 | shiang.kuo · first_market_buy 100 food |
| 16:54 | shiang.kuo · first_market_sell 100 wood |
| 17:12 | ivanklaricnejla · first_building Stable |
| 17:19 | ivanklaricnejla · first_building Archery Range |
| 19:47 | shiang.kuo · age_up castle |
| 21:57 | shiang.kuo · first_building Archery Range |
| 24:16 | ivanklaricnejla · age_up castle |
| 24:54 | ivanklaricnejla · first_market_sell 100 wood |
| 30:46 | shiang.kuo · first_building Castle |
| 32:47 | ivanklaricnejla · first_building Monastery |
| 36:45 | shiang.kuo · age_up imperial |
| 37:09 | ivanklaricnejla · first_market_buy 100 stone |
| 37:14 | ivanklaricnejla · first_building Castle |
| 39:05 | ivanklaricnejla · age_up imperial |
| 45:51 | ivanklaricnejla · resign |
[ AI ANALYSIS · 1 CREDIT ]
What really happened in this match?
Wolo.gg analyzes every decision: build order, eco, micro, common mistakes by bracket. Personalized analysis on WhatsApp or Discord in 30 seconds.
Civ guide
Huns
Perfil
Jugador #10737037